 Dungeon Crawl Stone Soup version 0.26-a0-752-gcff87cac9a (webtiles) character file.

Game seed: 18000234103997894690

143159 Queen the Bludgeoner (level 16, -7/144 HPs)
             Began as a Minotaur Berserker on Nov 6, 2020.
             Was the Champion of Trog.
             Mangled by a spriggan rider
             ... wielding a +0 spear
              (11 damage)
             ... on level 3 of the Swamp.
             The game lasted 01:10:35 (30489 turns).

Queen the Bludgeoner (Minotaur Berserker)          Turns: 30489, Time: 01:10:35

Health: -7/144     AC: 32    Str: 31    XL:     16   Next: 82%
Magic:  15/15      EV: 18    Int:  4    God:    Trog [******]
Gold:   1171       SH: 18    Dex: 11    Spells: 15/15 levels left

rFire    . . .     SeeInvis .   b - +10 morningstar "Eos" {elec, Halo rElec}
rCold    . . .     Faith    .   q - +3 kite shield
rNeg     + . .     Spirit   .   C - +10 plate armour of the Butterfly {rPois rN+}
rPois    +         Reflect  .   (helmet restricted)
rElec    +         Harm     .   n - +0 cloak
rCorr    .         Rampage  .   k - +0 pair of gloves
MR       ++...                  x - +0 pair of boots {Stlth+}
Stlth    ..........             T - amulet "Dutzij" {Regen+ Str+3}
HPRegen  0.74/turn              j - +4 ring of evasion
MPRegen  0.14/turn              H - ring of protection from magic

@: glowing, lightly drained
A: retaliatory headbutt, horns 2
a: Berserk, Trog's Hand, Brothers in Arms, Renounce Religion


You were on level 3 of the Swamp.
You worshipped Trog.
Trog was exalted by your worship.
You visited 4 branches of the dungeon, and saw 26 of its levels.
You also visited: Ice Cave and Volcano.

You collected 2912 gold pieces.
You spent 1741 gold pieces at shops.

Inventory:

Hand Weapons
 a - a +9 eveningstar of flaming
 b - the +10 morningstar "Eos" (weapon) {elec, Halo rElec}
   (You found it on level 6 of the Lair of Beasts)

   Occasionally, upon striking a foe, it will discharge some electrical energy
   and cause terrible harm.
   It insulates you from electricity.
Armour
 k - a +0 pair of gloves (worn)
 n - a +0 cloak (worn)
 q - a +3 kite shield (worn)
 x - a +0 pair of boots of stealth (worn)
 C - the +10 plate armour of the Butterfly (worn) {rPois rN+}
   (You bought it in a shop on level 2 of the Orcish Mines)

   It protects you from poison.
   It protects you from negative energy.
 X - +0 fire dragon scales
Jewellery
 e - a cursed amulet of inaccuracy {unknown}
 j - a +4 ring of evasion (left hand)
 D - a +4 ring of slaying {unknown}
 H - a ring of protection from magic (right hand)
 K - a cursed amulet of inaccuracy {unknown}
 L - a cursed -4 ring of slaying {unknown}
 M - an uncursed ring of protection from fire
 S - an uncursed ring of ice
 T - the amulet "Dutzij" (around neck) {Regen+ Str+3}
   (You found it in an ice cave)

   [amulet of regeneration]

   It affects your strength (+3).
   It increases your rate of regeneration.
Wands
 p - a wand of paralysis (12)
 P - a wand of digging (4)
Scrolls
 g - 12 scrolls of teleportation
 r - 11 scrolls of fear
 y - 10 scrolls of remove curse
 z - a scroll of holy word
 A - a scroll of summoning
 E - a scroll of enchant armour
 F - 2 scrolls of blinking
 G - 6 scrolls of immolation
 J - a scroll of magic mapping
 N - 3 scrolls of fog {unknown}
 Q - a scroll of torment {unknown}
 R - 3 scrolls of enchant weapon
 U - a scroll of vulnerability {unknown}
Potions
 c - 3 potions of haste {unknown}
 d - 9 potions of ambrosia
 f - 6 potions of degeneration {unknown}
 h - 12 potions of curing
 i - 3 potions of cancellation {unknown}
 l - 7 potions of mutation {unknown}
 m - 8 potions of heal wounds
 o - 2 potions of invisibility {unknown}
 s - 5 potions of might {unknown}
 u - a potion of brilliance {unknown}
 w - 4 potions of flight
 B - 2 potions of magic {unknown}
 I - 5 potions of lignification {unknown}
 O - 2 potions of attraction {unknown}
 Y - 2 potions of berserk rage
 Z - 2 potions of resistance


   Skills:
 + Level 13.5(13.3) Fighting
   Level 11.9(16.1) Axes
 * Level 18.1(19.0) Maces & Flails
 * Level 16.2(16.1) Armour
 + Level 12.4(12.3) Dodging
 - Level 15.0(14.8) Shields


You had 15 spell levels left.
You didn't know any spells.
Your spell library contained the following spells:

 Spells                   Type           Power        Failure   Level
 Sublimation of Blood     Necr           #.........   99%         2
 Frozen Ramparts          Ice            #.....       100%        3
 Ignite Poison            Fire/Tmut/Pois #.......     100%        3
 Hailstorm                Conj/Ice       #.......     100%        4
 Ice Form                 Ice/Tmut       #.......     100%        4
 Petrify                  Tmut/Erth      #.......     100%        4
 Summon Ice Beast         Ice/Summ       #.......     100%        4
 Alistair's Intoxication  Tmut/Pois      #........    100%        5
 Irradiate                Conj/Tmut      #.........   100%        5
 Metabolic Englaciation   Hex/Ice        #.........   100%        5
 Eringya's Noxious Bog    Tmut/Pois      #.........   100%        6
 Ozocubu's Refrigeration  Ice            #.........   100%        6


Dungeon Overview and Level Annotations

Branches:
Dungeon (15/15)            Temple (0/1) D:5            Lair (6/6) D:8
  Swamp (3/4) Lair:4       Spider (0/4) Lair:3        Slime (0/5) Lair:6
    Orc (2/2) D:11            Elf (0/3) Orc:2        Vaults (0/5) D:14
 Depths (0/5) D:15          IceCv (visited)         Volcano (visited)

Altars:
Cheibriados
Elyvilon
Fedhas
Gozag
Hepliaklqana
Kikubaaqudgha
Makhleb
Nemelex Xobeh
Okawaru
Ru
Trog
Uskayaw
Vehumet
Xom
Yredelemnul
Beogh
Jiyva

Shops:
D:5 }   D:9 =   D:10 *   Orc:2 }![:

Portals:
Trove: D:15 (give +4 storm dragon scales)


Innate Abilities, Weirdness & Mutations

You reflexively headbutt those who attack you in melee.
You have a pair of horns on your head.


Message History

* * * LOW HITPOINT WARNING * * *
The eight-headed hydra completely misses you.
The eight-headed hydra misses you.
The goliath frog hits you but does no damage.
The goliath frog misses you.
The spriggan rider hits you from afar with a +0 spear!
* * * LOW HITPOINT WARNING * * *
There is a stone staircase leading up, spattered with blood here.
The goliath frog closely misses you.
You block the eight-headed hydra's attack.
The eight-headed hydra closely misses you.
You block the eight-headed hydra's attack. x2
The eight-headed hydra bites you but does no damage.
You block the eight-headed hydra's attack.
The eight-headed hydra bites you!
* * * LOW HITPOINT WARNING * * *
The eight-headed hydra completely misses you.
The spriggan rider hits you but does no damage.
The spriggan rider hits you from afar with a +0 spear!
You die...

≈♣.♣ ♣.♣.♣♣≈.≈≈≈≈≈≈≈..^.
♣♣.♣♣♣♣♣♣♣.♣♣≈.≈≈.≈≈≈≈≈≈.≈..
♣.........♣§♣♣≈♣≈..........
♣♣♣♣♣♣♣♣♣♣♣♣♣♣...≈.§.♣
........♣.)..♣♣
♣♣♣♣♣♣♣♣♣wD.♣♣ ♣≈≈♣.iiFi♣
♣♣≈§.D≈♣♣♣ ♣≈...@≈♣
♣..♣....♣♣ ♣...≈≈≈♣♣ .≈..≈≈≈
..≈≈≈≈≈ ..≈≈≈≈≈ ≈≈≈≈≈≈≈
≈§≈≈§≈§


You could see an eight-headed hydra (strong), a five-headed hydra, a tyrant
leech (strong), 2 spriggan riders, a goliath frog (strong) and a spriggan.

Vanquished Creatures
  A thorn hunter (Swamp:2)
  A frost giant (IceCv)
  Aizul (Swamp:2)
  An ironheart preserver (D:14)
  A stone giant (Volcano)
  A dire elephant (Lair:6)
  3 bunyips
  The ghost of stripedtigrrr the Nimble, a journeyman SpCj of Dithmenos (D:13)
  2 eleionomae (Swamp:1)
  Fannar (Orc:1)
  2 ogre magi
  A great orb of eyes (D:13)
  A fire dragon (Lair:6)
  A naga warrior (D:13)
  Harold (D:7)
  11 hydras
  A catoblepas (Lair:4)
  8 alligators
  4 boulder beetles
  A centaur warrior (D:13)
  2 ghost crabs
  5 two-headed ogres
  Urug (D:10)
  5 tengu warriors
  14 death yaks
  2 goliath frogs (Swamp:1)
  A fire crab (shapeshifter) (D:15)
  A glowing orange brain (D:15)
  2 spriggan druids
  3 bog bodies
  4 lindwurms (Lair:6)
  4 unseen horrors
  An unseen horror (shapeshifter) (D:15)
  2 wolf spider zombies
  An orc knight (D:13)
  A swamp dragon (Swamp:3)
  A deep elf mage (D:15)
  3 ugly things
  A cyclops (D:14)
  10 orc sorcerers (Orc:2)
  15 slime creatures
  3 will-o-the-wisps
  Maurice (Orc:1)
  7 elephants (Lair:6)
  9 black mambas
  5 torpor snails (Lair:6)
  2 molten gargoyles (Volcano)
  2 gargoyles
  An ice statue (IceCv)
  16 cane toads
  6 komodo dragons
  4 rime drakes
  2 freezing wraiths
  A rime drake (shapeshifter) (D:15)
  A tengu conjurer (D:12)
  2 efreet
  A queen bee (Lair:2)
  3 meliai (D:15)
  8 tyrant leeches
  17 polar bears
  6 trolls
  Grinder (D:4)
  15 hornets
  7 dream sheep
  A slime creature (shapeshifter) (D:15)
  4 spriggans
  20 blink frogs
  A centaur simulacrum (D:15)
  2 yaks (shapeshifter) (D:15)
  6 wraiths
  3 wyverns
  A hog (shapeshifter) (D:15)
  A vampire (D:13)
  95 yaks
  6 basilisks
  2 fire bats (Volcano)
  3 humans (D:14)
  4 vampire mosquitoes (Swamp:2)
  6 swamp worms
  2 acid dragons
  14 water moccasins
  Duvessa (D:7)
  17 orc warriors
  A hornet zombie (D:13)
  3 sky beasts
  2 swamp drakes (Swamp:1)
  A meliai simulacrum (D:15)
  4 ice beasts
  4 necrophages
  3 eyes of draining
  19 ogres
  34 wolves
  5 boggarts (D:15)
  3 phantoms
  22 centaurs
  3 big kobolds
  17 bullfrogs
  4 wyvern zombies
  3 earth elementals (Volcano)
  A water moccasin zombie (D:7)
  Dowan (D:7)
  6 scorpions
  35 killer bees
  2 jellies
  6 wights
  5 electric eels
  7 howler monkeys
  7 lava snakes (Volcano)
  5 centaur zombies
  6 hounds
  2 bullfrog zombies
  2 gnoll shamans
  4 bullfrog skeletons
  13 orc priests
  47 orc wizards
  2 centaur skeletons
  An iron imp (D:2)
  Crazy Yiuf (D:2)
  10 worker ants
  Ijyb (D:5)
  Natasha (thrice) (D:2)
  4 iguanas
  A hound skeleton (D:5)
  5 worker ant zombies
  11 gnolls
  A howler monkey skeleton (D:6)
  10 adders
  6 shadow imps
  2 ufetubi (D:7)
  An ooze (D:5)
  2 adder zombies
  2 adder skeletons
  2 worms
  4 leopard geckos
  93 orcs
  4 giant cockroaches
  2 goblins (D:1)
  6 hobgoblins
  15 jackals
  3 quokkas
  7 bats
  7 frilled lizards
  A giant cockroach zombie (D:6)
  A jackal skeleton (D:6)
  17 kobolds
  3 rats
937 creatures vanquished.

Vanquished Creatures (collateral kills)
  A rime drake (Lair:6)
  A yak (D:8)
  An orc warrior (D:8)
  An orc priest (D:8)
4 creatures vanquished.

Vanquished Creatures (others)
  A wizard (D:10)
  4 bloated husks
  A human (D:14)
  An orc (Orc:2)
  16 foxfires
  11 fungi
  17 plants
  7 toadstools (Swamp:2)
  6 withered plants (D:10)
64 creatures vanquished.

Grand Total: 1005 creatures vanquished

Notes
Turn   | Place    | Note
-------+----------+-------------------------------------------
     0 | D:1      | Queen the Minotaur Berserker began the quest for the Orb.
     0 | D:1      | Reached XP level 1. HP: 19/19 MP: 0/0
   443 | D:1      | Reached XP level 2. HP: 26/27 MP: 1/1
   947 | D:1      | Reached ** piety under Trog
   947 | D:1      | Reached XP level 3. HP: 22/33 MP: 2/2
  1774 | D:2      | Noticed Natasha
  1784 | D:2      | Killed Natasha
  1784 | D:2      | Reached XP level 4. HP: 23/40 MP: 3/3
  2006 | D:2      | Found a sacrificial altar of Ru.
  2185 | D:2      | Noticed Natasha
  2195 | D:2      | Killed Natasha
  2195 | D:2      | Reached skill level 5 in Axes
  2435 | D:2      | Found a runed translucent door.
  2436 | D:2      | Noticed Crazy Yiuf
  2523 | D:2      | Reached XP level 5. HP: 37/47 MP: 4/4
  2626 | D:2      | Found a burning altar of Makhleb.
  2746 | D:2      | Noticed Natasha
  2751 | D:2      | Killed Natasha
  2993 | D:2      | Killed Crazy Yiuf
  3158 | D:3      | Found a hide-covered altar of Uskayaw.
  3691 | D:3      | Reached XP level 6. HP: 41/55 MP: 5/5
  3940 | D:4      | Reached skill level 5 in Fighting
  4187 | D:4      | Reached *** piety under Trog
  4200 | D:4      | Reached skill level 1 in Shields
  4604 | D:4      | Reached XP level 7. HP: 44/61 MP: 6/6
  4765 | D:4      | Reached skill level 5 in Armour
  4801 | D:4      | Noticed Grinder
  4810 | D:4      | Paralysed by Grinder for 2 turns
  4821 | D:4      | Killed Grinder
  5047 | D:5      | Entered Level 5 of the Dungeon
  5063 | D:5      | Found a staircase to the Ecumenical Temple.
  5172 | D:5      | Found Xamo Ostof's Gadget Shoppe.
  5456 | D:5      | Reached XP level 8. HP: 54/70 MP: 7/7
  6175 | D:5      | Noticed Ijyb
  6191 | D:5      | Killed Ijyb
  6484 | D:6      | Reached skill level 5 in Dodging
  6559 | D:6      | Reached **** piety under Trog
  6604 | D:6      | Reached skill level 5 in Shields
  6711 | D:6      | Found a basalt altar of Yredelemnul.
  7034 | D:6      | Reached XP level 9. HP: 78/78 MP: 8/8
  7503 | D:7      | Reached ***** piety under Trog
  7536 | D:7      | Found a hazy altar of Hepliaklqana.
  7542 | D:7      | Noticed Harold
  7562 | D:7      | Killed Harold
  7863 | D:7      | Noticed Duvessa
  7863 | D:7      | Noticed Dowan
  7875 | D:7      | Killed Duvessa
  7879 | D:7      | Killed Dowan
  8390 | D:8      | Found a sacrificial altar of Ru.
  8486 | D:8      | Reached skill level 10 in Axes
  8488 | D:8      | Reached XP level 10. HP: 73/88 MP: 9/9
  8765 | D:8      | Noticed a death yak
  8765 | D:8      | Noticed a death yak
  8766 | D:8      | Noticed a death yak
  8769 | D:8      | Received a gift from Trog
  8778 | D:8      | Killed a death yak
  8788 | D:8      | Killed a death yak
  8799 | D:8      | Killed a death yak
  9054 | D:8      | Got a transparent ring mail
  9059 | D:8      | Found a staircase to the Lair.
  9073 | D:8      | Identified the +3 ring mail of the Crypt {rCorr Dex+4} (You
                  | found it on level 8 of the Dungeon)
  9366 | D:8      | Found a snail-covered altar of Cheibriados.
  9450 | D:8      | Found a sparkling altar of Nemelex Xobeh.
  9485 | D:9      | Noticed a two-headed ogre
  9500 | D:9      | Killed a two-headed ogre
  9709 | D:9      | Reached XP level 11. HP: 88/95 MP: 10/10
  9772 | D:9      | Found an opulent altar of Gozag.
  9865 | D:9      | Found Beisku's Jewellery Boutique.
  9883 | D:9      | Bought an uncursed ring of protection from magic for 425
                  | gold pieces
  9997 | D:9      | Reached skill level 10 in Shields
 10317 | D:10     | Entered Level 10 of the Dungeon
 10350 | D:10     | Killed an unseen horror
 10652 | D:10     | Noticed Urug
 10680 | D:10     | Killed Urug
 11063 | D:10     | Found a bloodstained altar of Trog.
 11066 | D:10     | Noticed a wizard
 11071 | D:10     | Killed a wizard
 11121 | D:10     | Reached skill level 1 in Maces & Flails
 11163 | D:10     | Reached skill level 2 in Maces & Flails
 11377 | D:10     | Found Kosefe's General Store.
 11385 | D:10     | Bought a scroll of identify for 28 gold pieces
 11385 | D:10     | Bought a scroll of identify for 28 gold pieces
 11385 | D:10     | Bought a scroll of identify for 28 gold pieces
 11564 | D:11     | Noticed an eight-headed hydra
 11912 | D:10     | Killed an eight-headed hydra
 12004 | D:10     | Reached skill level 3 in Maces & Flails
 12045 | D:10     | Received a gift from Trog
 12306 | D:11     | Reached skill level 4 in Maces & Flails
 12488 | D:11     | Found a staircase to the Orcish Mines.
 12867 | D:11     | Reached skill level 10 in Armour
 12892 | D:11     | Found a blossoming altar of Fedhas.
 13128 | D:12     | Reached skill level 5 in Maces & Flails
 13128 | D:12     | Reached XP level 12. HP: 106/106 MP: 11/11
 13562 | D:12     | Reached skill level 10 in Fighting
 13910 | D:13     | Noticed a two-headed ogre
 13915 | D:13     | Killed a two-headed ogre
 13957 | D:13     | Reached skill level 6 in Maces & Flails
 14039 | D:13     | Noticed a boulder beetle
 14050 | D:13     | Killed a boulder beetle
 14146 | D:13     | Noticed a centaur warrior
 14153 | D:13     | Killed a centaur warrior
 14153 | D:13     | Reached skill level 7 in Maces & Flails
 14165 | D:13     | Noticed a two-headed ogre
 14170 | D:13     | Received a gift from Trog
 14173 | D:13     | Noticed a great orb of eyes
 14176 | D:13     | Killed a two-headed ogre
 14176 | D:13     | Reached skill level 8 in Maces & Flails
 14182 | D:13     | Killed a great orb of eyes
 14742 | D:13     | Found a runed translucent gate.
 14742 | D:13     | Found a runed translucent gate.
 14743 | D:13     | Found a runed translucent gate.
 14743 | D:13     | Noticed a naga warrior
 14744 | D:13     | Noticed a tengu warrior
 14745 | D:13     | Noticed a tengu warrior
 14752 | D:13     | Noticed stripedtigrrr's ghost (journeyman SpCj)
 14754 | D:13     | Noticed a tengu warrior
 14757 | D:13     | Found an iron altar of Okawaru.
 14827 | D:13     | Reached skill level 9 in Maces & Flails
 15284 | Lair:1   | Entered Level 1 of the Lair of Beasts
 15294 | Lair:1   | Noticed an eight-headed hydra
 15473 | Lair:1   | Killed an eight-headed hydra
 15473 | Lair:1   | Reached skill level 10 in Maces & Flails
 15703 | Lair:1   | Reached XP level 13. HP: 113/113 MP: 12/12
 16694 | Lair:2   | Received a gift from Trog
 16704 | Lair:2   | Reached skill level 11 in Maces & Flails
 16904 | Lair:2   | Found the +6 Majin-Bo {vamp, MP+6 Int+6}
 17455 | Lair:2   | Reached skill level 15 in Shields
 17597 | Lair:3   | Reached skill level 12 in Maces & Flails
 17965 | Lair:3   | Found a hole to the Spider Nest.
 18023 | Lair:3   | Reached skill level 13 in Maces & Flails
 18433 | Lair:3   | Received a gift from Trog
 18683 | Lair:4   | Found a frozen archway.
 18692 | IceCv    | Entered an ice cave
 18950 | IceCv    | Reached XP level 14. HP: 120/121 MP: 13/13
 19341 | IceCv    | Noticed a frost giant
 19349 | IceCv    | Killed a frost giant
 19349 | IceCv    | Reached skill level 14 in Maces & Flails
 19433 | IceCv    | Got a smoking jade amulet
 19451 | IceCv    | Identified Sif Muna's Disquisition on the Glacier
 19832 | Lair:4   | Identified the amulet "Dutzij" {Regen+ Str+3} (You found it
                  | in an ice cave)
 19970 | Lair:4   | Received a gift from Trog
 20123 | Lair:4   | Reached ****** piety under Trog
 20322 | Lair:4   | Found a staircase to the Swamp.
 21442 | Lair:6   | Entered Level 6 of the Lair of Beasts
 21450 | Lair:6   | Reached skill level 10 in Dodging
 21688 | Lair:6   | Found the +10 morningstar "Eos" {elec, Halo rElec}
 21698 | Lair:6   | Reached skill level 15 in Maces & Flails
 21983 | Lair:6   | Received a gift from Trog
 22085 | Lair:6   | Found a runed translucent door.
 22221 | Lair:6   | Reached XP level 15. HP: 130/130 MP: 14/14
 22409 | Lair:6   | Found a staircase to the Slime Pits.
 22409 | Lair:6   | Found a viscous altar of Jiyva.
 23217 | Orc:1    | Entered Level 1 of the Orcish Mines
 23217 | Orc:1    | Noticed Fannar
 23242 | Orc:1    | Killed Fannar
 23427 | Orc:1    | Found a burning altar of Makhleb.
 23667 | Orc:1    | Found a dark tunnel.
 23743 | Orc:2    | Entered Level 2 of the Orcish Mines
 23808 | Volcano  | Entered a volcano
 23834 | Volcano  | Received a gift from Trog
 24151 | Volcano  | Found a radiant altar of Vehumet.
 24660 | Orc:2    | Found a radiant altar of Vehumet.
 24895 | Orc:2    | Reached skill level 16 in Maces & Flails
 25041 | Orc:2    | Found Louge's Distillery.
 25076 | Orc:2    | Bought a potion of heal wounds for 70 gold pieces
 25076 | Orc:2    | Bought a potion of berserk rage for 70 gold pieces
 25076 | Orc:2    | Bought a potion of resistance for 140 gold pieces
 25076 | Orc:2    | Bought a potion of flight for 42 gold pieces
 25076 | Orc:2    | Bought a potion of curing for 42 gold pieces
 25086 | Orc:2    | Found Fetwuf's Gadget Shop.
 25114 | Orc:2    | Found an ancient bone altar of Kikubaaqudgha.
 25128 | Orc:2    | Found Ostracs's Antique Armour Boutique.
 25180 | Orc:2    | Found a radiant altar of Vehumet.
 25189 | Orc:2    | Bought a fine plate armour for 868 gold pieces
 25214 | Orc:2    | Found a roughly hewn altar of Beogh.
 25214 | Orc:2    | Found Elugeor's Book Boutique.
 25322 | Orc:2    | Found a staircase to the Elven Halls.
 25637 | Orc:1    | Noticed Maurice
 25644 | Orc:1    | Killed Maurice
 25644 | Orc:1    | Received a gift from Trog
 26024 | D:13     | Killed stripedtigrrr's ghost
 26267 | D:14     | Found a shimmering altar of Xom.
 26534 | Lair:2   | Identified the +3 scale mail of Tenacity {Rampage rC+
                  | Regen+ Stlth+} (You found it on level 2 of the Lair of
                  | Beasts)
 26738 | Orc:2    | Identified the +10 plate armour of the Butterfly {rPois
                  | rN+} (You bought it in a shop on level 2 of the Orcish
                  | Mines)
 27244 | D:14     | Received a gift from Trog
 27404 | D:14     | Found a gate to the Vaults.
 27650 | D:15     | Entered Level 15 of the Dungeon
 27657 | D:15     | Reached XP level 16. HP: 141/141 MP: 15/15
 27728 | D:15     | Reached skill level 17 in Maces & Flails
 27780 | D:15     | Reached skill level 15 in Armour
 27957 | D:15     | Found a portal to a secret trove of treasure.
 28023 | D:15     | Received a gift from Trog
 28131 | D:15     | Found a white marble altar of Elyvilon.
 28265 | D:15     | Found a staircase to the Depths.
 28889 | Swamp:1  | Entered Level 1 of the Swamp
 29495 | Swamp:2  | Noticed a thorn hunter
 29594 | Swamp:1  | Received a gift from Trog
 29662 | Swamp:2  | Killed a thorn hunter
 29751 | Swamp:2  | Reached skill level 18 in Maces & Flails
 29772 | Swamp:2  | Noticed Aizul
 29803 | Swamp:2  | Killed Aizul
 30489 | Swamp:3  | HP: 4/144 [eight-headed hydra[a spriggan druid] (11)]
 30489 | Swamp:3  | Mangled by a spriggan rider

Illustrated notes

Levels and vault maps discovered:
D:1:      psy_arrival_radial01, layout_loops_ring
D:2:      layout_basic, makhleb_grotto_becter, nicolae_ru_sacrificial_ziggurat,
          uniq_natasha, uniq_crazy_yiuf_cottage
D:3:      layout_basic, old_standard_altar
D:4:      layout_basic, uniq_grinder
D:5:      layout_basic, minmay_temple_entry_gardened_gates, serial_shops,
          kennysheep_little_box, kennysheep_dice, uniq_ijyb
D:6:      layout_loops_corners, lemuel_tele_altar
D:7:      layout_rooms, basic_altar, uniq_harold, uniq_duvessa
D:8:      layout_rooms, marbit_many_paths, lemuel_crystal_altar,
          dpeg_lair_monsters, nemelex_spade_bored_becter
D:9:      layout_long_grid, serial_shops, nicolae_shop_stone,
          nicolae_gozag_seed_capital
D:10:     layout_irregular_city, serial_shops, shop, serial_undead,
          serial_undead_c, serial_undead_b, serial_undead_a, serial_undead_e,
          trog_wizard, uniq_urug
D:11:     layout_loops_ring, orc_0_dummy, kennysheep_nub, fedhas_altar_2
D:12:     layout_loops_cross, corexii_leaking_fountain
D:13:     layout_long_grid, gammafunk_ghost_fury_of_okawaru, serial_bayou_ford_a
D:14:     slaughterhouse, layout_rooms, skrybe_vaults_entry_preservation,
          serial_park_gazebo [serial_park_minivault_5x5_4]
D:15:     gammafunk_enter_depths_forms, layout_stronghold,
          trove_entry_hex_spiral, minmay_misc_feat_tower, elyvilon_altar_5
Lair:1:   layout_cave_shapes, lemuel_fruit_tree, serial_bayou_shore_b
Lair:2:   layout_roguey [special_room_bee]
Lair:3:   layout_chaotic_city, dummy_spider_entry, columned_hall_lemuel,
          st_stairs_6, infiniplex_staircase_pool_2
Lair:4:   layout_gridlike, skrybe_swamp_entry_bodies, portal_ice_cave_rime,
          grunt_megastairs_4
Lair:5:   layout_cellular_growth
Lair:6:   wormcave, layout_cave_pods, hangedman_lair_in_review, slime_altar_1
Swamp:1:  layout_basic_swamp, serial_swamp_ruin, evilmike_swamp_ruin_house_3,
          evilmike_swamp_ruin_house_2, evilmike_swamp_ruin_house_5
Swamp:2:  cheibrodos_swamp_tower_of_moss, layout_basic_swamp,
          evilmike_swamp_ruin_house_1, uniq_aizul
Swamp:3:  layout_basic_swamp, ebering_ghost_rock_garden,
          nicolae_swamp_triple_paths, infiniplex_staircase_pool
Orc:1:    layout_caves, enter_volcano_4, david_defended_altar_orc, uniq_maurice,
          uniq_fannar
Orc:2:    kennysheep_orc_mage_school, layout_caves, basic_altar

Skill      XL: |  1  2  3  4  5  6  7  8  9 10 11 12 13 14 15 16 |
---------------+-------------------------------------------------+-----
Axes           | 4 5 6 7 8 10 11 | 11.9
Fighting       | 4 5 6 7 8 9 10 11 12 13 | 13.5
Armour         | 3 4 6 7 8 9 10 12 14 16 | 16.2
Dodging        | 3 4 5 6 7 8 9 10 11 12 | 12.4
Shields        | 1 3 5 7 9 11 13 15 | 15.0
Maces & Flails | 5 10 13 15 16 18 | 18.1

Action                   |  1- 3 |  4- 6 |  7- 9 | 10-12 | 13-15 | 16-18 || total
-------------------------+-------+-------+-------+-------+-------+-------++-------
Melee: Hand axe          |    92 |   146 |     2 |   190 |       |       ||   430
       Headbutt          |    11 |    23 |    79 |   151 |   238 |    71 ||   573
       War axe           |       |       |   267 |       |       |       ||   267
       Broad axe         |       |       |    39 |    93 |       |       ||   132
       Eveningstar       |       |       |       |   306 |   615 |       ||   921
       Morningstar       |       |       |       |       |   583 |   372 ||   955
Invok: Berserk           |       |       |     1 |     2 |       |       ||     3
       Trog's Hand       |       |       |       |     2 |     3 |       ||     5
       Brothers in Arms  |       |       |       |     1 |     1 |       ||     2
  Use: Scroll            |     4 |     3 |       |     9 |    13 |     6 ||    35
 Stab: Sleeping          |       |       |       |     9 |       |       ||     9
       Distracted        |       |       |       |     1 |     3 |       ||     4
       Petrified         |       |       |       |       |     3 |       ||     3
Armor: Robe              |    14 |     1 |       |       |       |       ||    15
       Animal skin       |     1 |       |       |       |       |       ||     1
       Chain mail        |       |    36 |    92 |    26 |    26 |       ||   180
       Ring mail         |       |       |       |    92 |     1 |       ||    93
       Scale mail        |       |       |       |       |   129 |       ||   129
       Plate armour      |       |       |       |       |    31 |   160 ||   191
       Fire dragon scale |       |       |       |       |     2 |       ||     2
Dodge: Dodged            |    63 |    92 |   165 |   373 |   476 |   192 ||  1361
Block: Kite shield       |       |       |   113 |   472 |   998 |   317 ||  1900
       Reflection        |       |       |       |       |     2 |       ||     2

Table legend: (Time is in decaauts)
 A = Elapsed time spent in this place.
 B = Non-inter-level travel time spent in this place.
 C = Inter-level travel time spent in this place.
 D = Time resting spent in this place.
 E = Time spent auto-exploring this place.
 F = Levels seen in this place.
 G = Mean time per level.
                   A        B        C        D        E       F      G
               +--------+--------+--------+--------+--------+-----+--------+
         Total |  30283 |  27450 |   2833 |   1284 |  20909 |  28 | 1081.5 |
       Dungeon |  18511 |  16652 |   1859 |    894 |  12772 |  15 | 1234.1 |
          Lair |   6402 |   5860 |    542 |     60 |   4849 |   6 | 1067.0 |
         Swamp |   1621 |   1564 |     57 |    221 |   1011 |   3 |  540.3 |
  Orcish Mines |   1966 |   1592 |    374 |    109 |   1101 |   2 |  983.0 |
      Ice Cave |   1092 |   1092 |      0 |      0 |    729 |   1 | 1092.0 |
       Volcano |    689 |    689 |      0 |      0 |    447 |   1 |  689.0 |
               +--------+--------+--------+--------+--------+-----+--------+

Top non-repeatable levels by time:
    D:10: 1953 daAuts
     D:2: 1896 daAuts
    D:13: 1542 daAuts
  Lair:6: 1520 daAuts
     D:5: 1518 daAuts
     D:8: 1506 daAuts
     D:1: 1261 daAuts
     D:4: 1194 daAuts
  Lair:2: 1191 daAuts
   Orc:2: 1130 daAuts
    D:11: 1107 daAuts
     D:6: 1094 daAuts
   IceCv: 1092 daAuts
  Lair:3: 1038 daAuts
    D:15: 979 daAuts
